 Dungeon Crawl Stone Soup version 0.17-a0-1522-g6c5b4ba (webtiles) character file.

641 FakerFangirl the Sneak (level 7, -2/35 HPs)
             Began as a Vine Stalker Assassin on July 14, 2015.
             Slain by an orc priest
             ... wielding a +0 trident
              (3 damage)
             ... on level 5 of the Dungeon.
             The game lasted 00:57:24 (3842 turns).

FakerFangirl the Sneak (Vine Stalker Assassin)      Turns: 3842, Time: 00:57:24

Health: -2/35      AC:  4    Str: 13    XL:     7   Next: 51%
Magic:  0/8        EV: 20    Int: 11    God:
Gold:   186        SH:  0    Dex: 18    Spells: 0 memorised, 6 levels left

rFire  . . .     SeeInvis .     a - +2 dagger
rCold  + . .     Clarity  .     M - +1 robe {rC+}
rNeg   . . .     SustAt   .     (no shield)
rPois  .         Gourm    .     (no helmet)
rElec  .         Spirit   +     d - +0 cloak
rCorr  .         Warding  .     (no gloves)
rMut   .         Stasis   .     (no boots)
MR     .....                    (no amulet)
Stlth  ++++......               (no ring)
                                x - +6 ring of evasion

@: not resistant to hostile enchantments, stealthy
A: fangs 2, regeneration 2, magic shield, antimagic bite, no device heal 3, rot
immunity
a: no special abilities


You were on level 5 of the Dungeon.
You were not hungry.

You visited 1 branch of the dungeon, and saw 5 of its levels.

You collected 186 gold pieces.

Inventory:

Hand weapons
 a - a +2 dagger (weapon)
 b - a +0 blowgun
 j - a +0 hunting sling
 I - a +0 falchion
 Q - a +2 dagger of electrocution
Missiles
 e - 28 poisoned needles
 f - 2 curare-tipped needles
 h - 227 stones (quivered)
 i - 85 bolts
 w - 57 arrows
 z - 19 sling bullets
 R - 9 bolts of flame
Armour
 c - a +0 robe
 d - a +0 cloak (worn)
 E - a +0 robe
 M - a +1 robe of cold resistance (worn)
Jewellery
 t - an uncursed amulet of stasis
 x - a +6 ring of evasion (left hand)
Scrolls
 n - 4 scrolls of identify {unknown}
 o - 2 scrolls of immolation {unknown}
 q - 4 scrolls of enchant armour {unknown}
 u - a scroll of blinking {unknown}
 v - 4 scrolls of random uselessness
 y - a scroll of magic mapping {unknown}
 A - a scroll of recharging {unknown}
 C - a scroll of noise {unknown}
 F - 2 scrolls of teleportation {unknown}
 G - a scroll of fog {unknown}
 H - a scroll of enchant weapon {unknown}
 N - 2 scrolls of remove curse
Potions
 k - 3 potions of curing
 l - a potion of flight
 m - 2 potions of might {unknown}
 p - a potion of cure mutation {unknown}
 r - 2 potions of invisibility {unknown}
 B - a potion of ambrosia {unknown}
 D - 2 potions of lignification {unknown}
 J - 2 potions of magic {unknown}
 K - 2 potions of cancellation {unknown}
 L - a potion of degeneration {unknown}
 P - a potion of heal wounds {unknown}
Comestibles
 g - 4 bread rations
 O - a beef jerky
 S - a slice of pizza


   Skills:
 + Level 2.9 Fighting
 * Level 3.8 Short Blades
 - Level 2.8 Throwing
 + Level 3.2 Dodging
 + Level 7.5 Stealth


You had 6 spell levels left.
You didn't know any spells.

Dungeon Overview and Level Annotations

Branches:
Dungeon (5/15)
 Temple: D:4-7

Altars:
Ashenzari
Trog

Shops:
D:5 [


Innate Abilities, Weirdness & Mutations

You have extremely sharp teeth.
You heal very quickly.
When hurt, damage is shared between your health and your magic reserves.
Your bite disrupts and absorbs the magic of your enemies.
Potions and wands cannot restore your health.
You are immune to rotting.


Message History

The orc priest is heavily wounded.
You are too injured to fight recklessly!
You hit the orc priest but do no damage.
You bite the orc priest. You drain its power.
You feel invigorated.
The orc priest is severely wounded.
The orc priest closely misses you.
You aren't carrying any items that can be evoked.
You hit the orc priest but do no damage.
Your bite misses the orc priest.
The orc priest is severely wounded.
The orc priest hits you with a trident.
* * * LOW HITPOINT WARNING * * *
Read which item? (? for menu, Esc to quit)
Okay, then.
Drink which item? (? for menu, Esc to quit)
Okay, then.
You hit the orc priest but do no damage.
The orc priest is severely wounded.
The orc priest hits you with a trident.
You die...

###########
..........#############.
#########.......@o((.(((
# #.#######.###### # #.#
... # ... .### . ...# ##
# ....# #.#### #.


You could see an orc priest.

Vanquished Creatures
  A phantom (D:5)
  2 scorpions
  An orc priest (D:5)
  2 orc wizards
  4 worker ants
  An iguana (D:4)
  2 hound skeletons (D:5)
  Robin (D:2)
  8 adders
  3 gnolls (D:5)
  An ooze (D:1)
  An adder skeleton (D:4)
  4 worms
  3 giant geckos
  12 orcs
  5 giant cockroaches
  14 goblins
  9 hobgoblins
  6 jackals
  8 kobolds
  4 quokkas
  7 bats
  4 giant newts
  8 rats
111 creatures vanquished.

Notes
Turn   | Place    | Note
--------------------------------------------------------------
     0 | D:1      | FakerFangirl the Vine Stalker Assassin began the quest for the Orb.
     0 | D:1      | Reached XP level 1. HP: 11/11 MP: 2/2
    71 | D:1      | Reached skill level 5 in Stealth
   124 | D:1      | Reached XP level 2. HP: 15/15 MP: 3/3
   295 | D:1      | Found a shattered altar of Ashenzari.
   468 | D:1      | Reached skill level 1 in Dodging
   535 | D:1      | Reached XP level 3. HP: 18/18 MP: 4/4
   847 | D:2      | Noticed Robin
   858 | D:2      | Killed Robin
   899 | D:1      | Reached XP level 4. HP: 15/23 MP: 5/5
  1397 | D:3      | Found a bloodstained altar of Trog.
  1582 | D:3      | Reached skill level 6 in Stealth
  1582 | D:3      | Reached XP level 5. HP: 3/26 MP: 1/6
  2270 | D:5      | Entered Level 5 of the Dungeon
  2427 | D:4      | Gained mutation: You heal very quickly. [Vine Stalker growth]
  2427 | D:4      | Reached XP level 6. HP: 29/31 MP: 7/7
  3283 | D:5      | Noticed a phantom
  3313 | D:5      | Killed a phantom
  3394 | D:5      | Found Rockivvuo's Antique Armour Shoppe.
  3450 | D:5      | Reached skill level 7 in Stealth
  3480 | D:5      | Reached XP level 7. HP: 31/35 MP: 8/8
  3841 | D:5      | HP: 1/35 [orc priest/trident (2)]
  3842 | D:5      | Slain by an orc priest

Vault maps used:
D:1:      dpeg_arrival_pond, wad_floor_pattern_untrapped, ashenzari_altar_1
D:2:      first_bread, uniq_robin
D:3:      trog_three_pillars_becter
D:5:      grunt_dithmenos_smoke_and_mirrors, serial_shops,
          nicolae_shop_statue_plus

Action                   |  1- 3 |  4- 6 |  7- 9 || total
-------------------------+-------+-------+-------++-------
Melee: Dagger            |    80 |   185 |    58 ||   323
 Fire: Blowgun           |       |    12 |     8 ||    20
Throw: Stone             |    64 |   122 |    46 ||   232
  Use: Scroll            |       |     4 |       ||     4
       Potion            |       |     2 |     1 ||     3
 Stab: Sleeping          |     5 |    14 |     2 ||    21
       Distracted        |       |     1 |       ||     1
  Eat: Meat ration       |       |     1 |       ||     1
       Bread ration      |       |     1 |       ||     1
